 Dungeon Crawl Stone Soup version 0.29-a0-520-gc852659d43 (webtiles) character file.

Game seed: 18246591409154365002

43034 testman the Fighter (level 14, -25/95 HPs)
             Began as a Kobold Brigand on May 31, 2022.
             Was an Elder of Uskayaw.
             Annihilated by a titan skeleton (28 damage)
             ... on level 15 of the Dungeon.
             The game lasted 01:38:41 (19216 turns).

testman the Fighter (Kobold Brigand)               Turns: 19216, Time: 01:38:41

Health: -25/95     AC: 13    Str:  9    XL:     14   Next: 58%
Magic:  19/23      EV: 16    Int: 12    God:    Uskayaw [****..]
Gold:   899        SH: 11    Dex: 27    Spells: 13/13 levels left

rFire   . . .      SeeInvis .   B - +2 dagger (venom)
rCold   . . .      Faith    +   f - +3 warlock's mirror {reflect}
rNeg    . . .      Spirit   .   N - +0 ring mail "Henlo Poo" {Regen+ Stlth+}
rPois   +          Reflect  +   x - +0 helmet
rElec   .          Harm     .   H - +1 cloak {Will+}
rCorr   .          Rampage  .   F - +2 pair of gloves
Will    ++...                   M - +0 pair of boots
Stlth   +++++++...              h - amulet of faith
HPRegen 1.05/turn               S - +6 ring of dexterity
MPRegen 0.18/turn               L - ring of poison resistance

@: no status effects
A: small, no large weapons, nightstalker 3
a: Renounce Religion, Stomp, Line Pass


You were on level 15 of the Dungeon.
You worshipped Uskayaw.
Uskayaw was pleased with you.
You visited 2 branches of the dungeon, and saw 16 of its levels.
You also visited: Sewer.

You collected 899 gold pieces.

Inventory:

Hand Weapons
 B - a +2 dagger of venom (weapon)
Missiles
 d - 42 poisoned darts (quivered)
 m - a throwing net
 s - 4 datura-tipped darts
 w - 3 atropa-tipped darts
 z - 3 curare-tipped darts
 Q - 2 boomerangs of dispersal
 W - 9 boomerangs
Armour
 f - the +3 warlock's mirror (worn) {reflect}
   (You acquired it on level 3 of the Dungeon)

   It can block and reflect piercing ranged attacks and magical attacks against
   the wielder's willpower.
 x - a +0 helmet (worn)
 F - a +2 pair of gloves (worn)
 H - a +1 cloak of willpower (worn)
 M - a +0 pair of boots (worn)
 N - the +0 ring mail "Henlo Poo" (worn) {Regen+ Stlth+}
   (You found it on level 6 of the Dungeon)

   Regen:     It increases your rate of health regeneration.
   Stlth:     It makes you more stealthy.
Jewellery
 h - an amulet of faith (around neck)
 i - a ring of see invisible
 L - a ring of poison resistance (right hand)
 S - a +6 ring of dexterity (left hand)
Wands
 k - a wand of acid (13)
 l - a wand of iceblast (20)
 r - a wand of paralysis (18)
 y - a wand of flame (32)
 Y - a wand of polymorph (8)
 Z - a wand of mindburst (9)
Scrolls
 c - a scroll of summoning {unknown}
 g - 3 scrolls of teleportation
 n - 4 scrolls of enchant armour
 p - 2 scrolls of fog {unknown}
 C - 2 scrolls of magic mapping
 I - 2 scrolls of amnesia {unknown}
 U - 2 scrolls of fear {unknown}
 V - a scroll of brand weapon {unknown}
Potions
 e - a potion of cancellation {unknown}
 j - 3 potions of lignification
 q - 2 potions of ambrosia {unknown}
 t - 5 potions of might
 u - 5 potions of mutation
 v - 3 potions of flight
 D - a potion of magic {unknown}
 E - a potion of berserk rage
 G - 3 potions of curing
 O - 4 potions of haste {unknown}
 R - a potion of brilliance {unknown}
 X - 3 potions of attraction
Miscellaneous
 a - a box of beasts
 b - a phial of floods
 A - a lightning rod (inert)
 J - a condenser vane


   Skills:
 + Level 13.9 Fighting
 - Level 13.1 Short Blades
 + Level 10.3 Throwing
 + Level 2.7 Armour
 - Level 6.0 Dodging
 + Level 12.2 Stealth
 - Level 4.0 Shields
 + Level 12.7 Invocations
 + Level 2.5 Evocations


You had 13 spell levels left.
You didn't know any spells.
Your spell library contained the following spells:

 Spells                   Type           Power      Damage    Failure   Level
 Freeze                   Ice            0%         1d3       78%         1
 Magic Dart               Conj           0%         1d3       78%         1
 Sandblast                Erth           0%         2d4       78%         1
 Blink                    Tloc           0%         N/A       89%         2
 Call Imp                 Summ           0%         N/A       89%         2
 Passwall                 Tmut/Erth      0%         N/A       89%         2
 Poisonous Vapours        Pois/Air       0%         N/A       89%         2
 Scorch                   Fire           0%         2d5       89%         2
 Frozen Ramparts          Ice            0%         1d2       98%         3
 Lesser Beckoning         Tloc           0%         N/A       98%         3
 Mephitic Cloud           Conj/Pois/Air  0%         N/A       98%         3
 Stone Arrow              Conj/Erth      0%         3d7       98%         3
 Summon Guardian Golem    Hex/Summ       0%         N/A       98%         3
 Animate Armour           Summ/Erth      0%         N/A       100%        4
 Animate Dead             Necr           0%         N/A       100%        4
 Corpse Rot               Necr/Pois/Air  0%         N/A       100%        4
 Flame Wave               Conj/Fire      0%         2d4       100%        4
 Fulminant Prism          Conj/Hex       0%         3d6       100%        4
 Hailstorm                Conj/Ice       0%         3d3       100%        4
 Iskenderun's Mystic Bla  Conj/Tloc      0%         2d3       100%        4
 Olgreb's Toxic Radiance  Pois           0%         N/A       100%        4
 Borgnjor's Vile Clutch   Necr/Erth      0%         N/A       100%        5
 Lee's Rapid Deconstruct  Erth           0%         3d5*      100%        5
 Manifold Assault         Tloc           0%         N/A       100%        5
 Death Channel            Necr           0%         N/A       100%        6
 Summon Cactus Giant      Summ           0%         N/A       100%        6
 Dragon Form              Tmut           0%         N/A       100%        7
 Ozocubu's Refrigeration  Ice            0%         4d5       100%        7
 Ignition                 Fire           0%         3d3       100%        8
 Lehudib's Crystal Spear  Conj/Erth      0%         10d2      100%        8


Dungeon Overview and Level Annotations

Branches:
Dungeon (15/15)            Temple (1/1) D:5            Lair (0/6) D:10
    Orc (0/2) D:11         Vaults (0/5) D:14         Depths (0/4) D:15
  Sewer (visited)

Altars:
Ashenzari
Cheibriados
Dithmenos
Elyvilon
Fedhas
Gozag
Hepliaklqana
Makhleb
Nemelex Xobeh
Okawaru
Qazlal
Sif Muna
Trog
Uskayaw
Vehumet
Wu Jian
Xom
Yredelemnul
Zin
The Shining One

Shops:
D:4 (

Annotations:
D:14 3 runed translucent doors, Eweu's ghost, adept DjFE


Innate Abilities, Weirdness & Mutations

You are small and have problems with some larger weapons.
You are completely attuned to the shadows.


Message History

The vampire mage is heavily damaged.
You block the vampire mage's attack. The vampire mage bites you.
The vampire mage draws strength from your injuries!
Uskayaw links your audience in an emotional bond!
You hit the vampire mage.
You destroy the guardian mummy!
You destroy the vampire mage!
You feel extremely nervous for a moment...
Pain shoots through your body!
* * * LOW HITPOINT WARNING * * *
Throw: 9 boomerangs
Press: ? - help, Shift-Dir - straight line, f - hell knight zombie
Aim: a hell knight zombie (heavily damaged, sharing its pain, 85% to hit)
You throw a boomerang.
The boomerang barely misses the hell knight zombie.
A titan skeleton comes into view.
You hit the hell knight zombie.
The hell knight zombie is heavily damaged.
You hit the hell knight zombie.
The hell knight zombie is severely damaged.
The hell knight zombie hits you.
* * * LOW HITPOINT WARNING * * *
You hit the hell knight zombie.
The hell knight zombie is severely damaged.
Uskayaw prepares the audience for your solo!
The helpless hell knight zombie fails to defend itself.
You spit the hell knight zombie like a pig!!!!!
You destroy the hell knight zombie!
You can now merge with and destroy a victim.
The titan skeleton is no longer paralysed.
Items here: ! $ ) [.
You hit the titan skeleton.
The titan skeleton is lightly damaged.
The titan skeleton hits you!!
* * * LOW HITPOINT WARNING * * *
Aiming: Line Pass
Press: ? - help, Dir - move target The titan skeleton appears confused.
Found a staircase to the Depths.
You can no longer merge with and destroy a victim.
The titan skeleton hits you!!
You die...

#.#†........
#.#.##.####.
#.#.##.#.##.
#.#.##.#....
........##)#.##.####.
.....8..##.#.##......
P.....8.##.#.#######.
.>....8..#)#.# #.
..8.@Z)....#.# #.
......8.##.#.# #.
........##.#.# #.
P...8...##.#.# #.
.......###.#.# #.
#.#.# #. ####.#.# #.
.......# #. ####.###
#.


You could see a titan skeleton (confused).

Vanquished Creatures
  Rupert (D:13)
  A quicksilver ooze (shapeshifter) (D:13)
  2 hydras
  A catoblepas (D:13)
  2 boulder beetles
  3 vault guards (D:14)
  4 two-headed ogres
  5 centaur warriors
  A death knight (D:12)
  A vampire mage (D:15)
  A titan zombie (D:15)
  2 skeletal warriors
  A necromancer (D:15)
  A deep elf pyromancer (D:12)
  12 ugly things
  3 cyclopes
  3 manticores
  A cyclops (shapeshifter) (D:13)
  A cane toad (shapeshifter) (D:12)
  A gargoyle (D:10)
  2 unseen horrors
  A rime drake (shapeshifter) (D:15)
  3 efreet
  A komodo dragon (D:11)
  A kobold demonologist (D:10)
  A guardian mummy (D:15)
  2 hornets
  4 trolls
  Prince Ribbit (D:6)
  4 slime creatures
  Sigmund (D:5)
  2 wyverns
  3 shadows
  5 wraiths
  27 yaks
  A vampire (D:11)
  8 humans (D:14)
  2 water elementals
  3 basilisks
  A vampire mosquito (D:8)
  2 steam dragons (D:8)
  A warg (D:11)
  A human zombie (D:15)
  2 acid dragons
  4 water moccasins
  10 orc warriors
  Pargi (Sewer)
  5 black bears
  An ice beast (D:6)
  An ogre (D:9)
  16 centaurs
  A phantom (D:4)
  5 kobold brigands
  4 bullfrogs
  A gnoll sergeant (D:9)
  2 necrophages
  2 scorpions
  7 wights
  A hornet simulacrum (D:14)
  12 killer bees
  3 howler monkeys
  3 electric eels (D:11)
  7 crimson imps (D:9)
  A hound (D:6)
  A jelly (D:6)
  6 orc priests
  Crazy Yiuf (D:5)
  Ijyb (D:3)
  2 gnoll shamans
  An iguana (D:5)
  6 orc wizards
  6 adders
  17 gnolls
  A river rat (D:3)
  2 shadow imps
  5 white imps
  An ufetubus (D:7)
  6 worms
  3 dart slugs
  44 orcs
  3 ball pythons
  3 bats
  5 endoplasms
  8 giant cockroaches
  9 goblins
  7 hobgoblins
  5 jackals
  8 quokkas
  6 frilled lizards
  29 kobolds
  5 rats
404 creatures vanquished.

Vanquished Creatures (collateral kills)
  An orc (D:3)
1 creature vanquished.

Vanquished Creatures (others)
  A human (D:14)
  A gnoll (D:4)
  60 plants
  6 withered plants (D:15)
68 creatures vanquished.

Grand Total: 473 creatures vanquished

Notes
Turn   | Place    | Note
-------+----------+-------------------------------------------
     0 | D:1      | testman the Kobold Brigand began the quest for the Orb.
     0 | D:1      | Reached XP level 1. HP: 12/12 MP: 1/1
   441 | D:1      | Found a faded altar of an unknown god.
   558 | D:1      | Reached XP level 2. HP: 18/18 MP: 2/2
  1119 | D:2      | Reached XP level 3. HP: 22/22 MP: 3/3
  1454 | D:2      | Found a snail-covered altar of Cheibriados.
  1662 | D:2      | Reached XP level 4. HP: 4/28 MP: 4/4
  2507 | D:3      | Identified a scroll of acquirement
  2511 | D:3      | Acquired the +3 warlock's mirror {reflect}
  2511 | D:3      | Found the +3 warlock's mirror {reflect}
  2688 | D:3      | Noticed Ijyb
  2690 | D:3      | Killed Ijyb
  2691 | D:3      | Reached XP level 5. HP: 33/33 MP: 5/5
  2784 | D:3      | Found a glowing drain.
  2794 | Sewer    | Entered a sewer
  2844 | Sewer    | Noticed Pargi
  2869 | Sewer    | HP: 1/33 [Pargi (2)]
  2886 | Sewer    | Killed Pargi
  2887 | Sewer    | Reached skill level 5 in Short Blades
  2887 | Sewer    | Reached skill level 1 in Shields
  2887 | Sewer    | Reached XP level 6. HP: 4/38 MP: 6/6
  3946 | D:4      | Noticed a black bear
  3948 | D:4      | Found a bloodstained altar of Trog.
  3949 | D:4      | Noticed a black bear
  3970 | D:4      | Killed a black bear
  3971 | D:4      | Reached XP level 7. HP: 6/44 MP: 7/7
  4883 | D:4      | Found Vecvur's Antique Weapon Boutique.
  5143 | D:4      | Reached skill level 5 in Fighting
  5286 | D:5      | Entered Level 5 of the Dungeon
  5370 | D:5      | Found a runed translucent door.
  5373 | D:5      | Noticed Crazy Yiuf
  5386 | D:5      | Killed Crazy Yiuf
  5548 | D:5      | Reached XP level 8. HP: 49/49 MP: 8/8
  5656 | D:5      | Noticed Sigmund
  5660 | D:5      | Killed Sigmund
  5661 | D:5      | Reached skill level 5 in Throwing
  5694 | D:5      | Found a staircase to the Ecumenical Temple.
  5700 | Temple   | Entered the Ecumenical Temple
  6103 | Temple   | Became a worshipper of Uskayaw the Reveller
  6163 | D:5      | Reached * piety under Uskayaw
  6169 | D:5      | Reached ** piety under Uskayaw
  6176 | D:5      | Reached *** piety under Uskayaw
  6285 | D:5      | Reached skill level 1 in Invocations
  7124 | D:6      | Reached XP level 9. HP: 55/55 MP: 10/10
  7613 | D:6      | Noticed Prince Ribbit
  7615 | D:6      | Killed Prince Ribbit
  7660 | D:6      | Identified the +0 ring mail "Henlo Poo" {Regen+ Stlth+}
  7813 | D:6      | Found a hazy altar of Hepliaklqana.
  8036 | D:7      | Reached **** piety under Uskayaw
  8044 | D:7      | Reached ***** piety under Uskayaw
  8195 | D:7      | Reached skill level 5 in Invocations
  8251 | D:7      | Reached XP level 10. HP: 64/64 MP: 12/14
  8335 | D:7      | Reached skill level 10 in Short Blades
  9190 | D:8      | Reached XP level 11. HP: 46/72 MP: 16/16
  9269 | D:8      | Noticed a two-headed ogre
  9272 | D:8      | Killed a two-headed ogre
  9273 | D:8      | Reached skill level 10 in Fighting
  9284 | D:8      | Noticed a white ugly thing
  9480 | D:8      | Killed a white ugly thing
 10173 | D:9      | Reached skill level 1 in Armour
 10697 | D:9      | Noticed a two-headed ogre
 10718 | D:9      | Killed a two-headed ogre
 11310 | D:9      | Reached XP level 12. HP: 80/80 MP: 19/19
 11439 | D:10     | Entered Level 10 of the Dungeon
 11489 | D:10     | Found a staircase to the Lair.
 12671 | D:11     | Reached skill level 10 in Invocations
 12900 | D:11     | Noticed a skeletal warrior
 12912 | D:11     | Killed a skeletal warrior
 13052 | D:11     | Noticed a two-headed ogre
 13056 | D:11     | Killed a two-headed ogre
 13076 | D:11     | Found a staircase to the Orcish Mines.
 13174 | D:11     | Reached skill level 5 in Dodging
 13577 | D:11     | Noticed a two-headed ogre
 13582 | D:11     | Killed a two-headed ogre
 14040 | D:12     | Noticed a boulder beetle
 14052 | D:12     | Killed a boulder beetle
 14053 | D:12     | Reached XP level 13. HP: 86/86 MP: 19/21
 14065 | D:12     | Found a white marble altar of Elyvilon.
 14213 | D:12     | Noticed a centaur warrior
 14214 | D:12     | Noticed a centaur warrior
 14215 | D:12     | Noticed an eight-headed hydra
 14218 | D:12     | Killed a centaur warrior
 14224 | D:12     | Killed a centaur warrior
 14234 | D:12     | Killed an eight-headed hydra
 14274 | D:12     | Got the Tome of Poisoning
 14276 | D:12     | Got the Volume of Fascination and Changing
 14297 | D:12     | Noticed a six-headed hydra
 15018 | D:13     | Noticed Rupert
 15022 | D:13     | Killed Rupert
 15084 | D:13     | Noticed a catoblepas
 15084 | D:13     | Noticed a boulder beetle
 15095 | D:13     | Killed a boulder beetle
 15130 | D:13     | Noticed an anaconda
 15239 | D:13     | Noticed a quicksilver ooze
 15242 | D:13     | Killed a quicksilver ooze
 15243 | D:13     | Reached skill level 10 in Stealth
 15260 | D:13     | Killed a catoblepas
 15948 | D:13     | Found an ornate altar of the Wu Jian Council.
 16425 | D:14     | Found a runed translucent gate.
 16426 | D:14     | Found a runed translucent gate.
 16426 | D:14     | Noticed a 12-headed hydra
 16427 | D:14     | Found a runed translucent gate.
 16429 | D:14     | Noticed Eweu's ghost (adept DjFE)
 16466 | D:14     | Noticed a centaur warrior
 16478 | D:14     | Killed a centaur warrior
 16580 | D:14     | Noticed a centaur warrior
 16589 | D:14     | Killed a centaur warrior
 16964 | D:14     | Noticed a vault guard
 16964 | D:14     | Noticed a vault guard
 16993 | D:14     | Noticed a vault guard
 17003 | D:14     | Killed a vault guard
 17128 | D:14     | Killed a vault guard
 17139 | D:14     | Found a gate to the Vaults.
 17300 | D:14     | Reached XP level 14. HP: 94/94 MP: 23/23
 17601 | D:14     | HP: 5/141 [vault guard/+0 broad axe (15)]
 18384 | D:15     | Entered Level 15 of the Dungeon
 18448 | D:15     | Reached skill level 10 in Throwing
 18880 | D:15     | Reached skill level 1 in Evocations
 19021 | D:15     | HP: 3/95 [manticore (9)]
 19215 | D:15     | HP: 2/95 [titan skeleton (25)]
 19216 | D:15     | Found a staircase to the Depths.
 19216 | D:15     | Annihilated by a titan skeleton

Illustrated notes

Levels and vault maps discovered:
D:1:      psy_arrival_radial01, layout_basic,
          shapermc_ecumenical_altar_mp_ritualfount
D:2:      layout_basic, basic_altar, minmay_puff
D:3:      cheibrodos_helix_gallery, layout_loops_cross, gup_sewer_entry_bubbles,
          amcnicky_mini_rare_corridor_liquid, uniq_ijyb
D:4:      layout_rooms, trog_ov_bears_minmay, serial_shops,
          nicolae_lakefront_shop, kennysheep_potato
D:5:      layout_basic, minmay_temple_entry_arrows, st_stairs_8,
          uniq_crazy_yiuf_cottage, uniq_sigmund
D:6:      layout_loops_ring, worldfamousw_hep_ancestral_shrine,
          uniq_prince_ribbit1
D:7:      layout_rooms, kennysheep_generic_room_11
D:8:      layout_gridville, nzn_random_ring
D:9:      layout_basic, special_room [special_room_orc], minmay_nine_imps
D:10:     layout_gridville, lair_entry_dummy
D:11:     layout_roguey, minmay_orc_entry_guard_dogs, serial_bayou,
          serial_bayou_crossing, serial_bayou_lagoon_b, serial_bayou_pond_d,
          serial_bayou_shore_b, serial_bayou_pond_b, serial_bayou_ford_a
D:12:     minmay_the_grid_triangle_9x9_recursive_2_mashed
          [minmay_the_grid_triangle_9x9_prize_center,
          minmay_the_grid_triangle_9x9_cache,
          minmay_the_grid_triangle_9x9_dagger,
          minmay_the_grid_triangle_9x9_longest], layout_stronghold,
          elyvilon_altar_5
D:13:     layout_layer_cave, nzn_wu_jian_contemplation, uniq_rupert
D:14:     layout_basic, ximxim_vaults_locker_room, gammafunk_ghost_hydra_chop,
          grunt_decor_junction, grunt_ministairs_6
D:15:     gammafunk_depths_entry_grave, layout_basic, serial_bayou_lagoon_a,
          enter_trove_5
Temple:   mainiacjoe_temple_big_plus

Skill      XL: |  1  2  3  4  5  6  7  8  9 10 11 12 13 14 |
---------------+-------------------------------------------+-----
Short Blades   | 3 4 5 6 7 9 11 13 | 13.1
Fighting       | 3 4 5 6 8 9 11 12 13 | 13.9
Stealth        | 6 8 11 12 | 12.2
Throwing       | 3 4 5 7 9 10 | 10.3
Shields        | 1 2 3 4 |  4.0
Invocations    | 2 5 7 9 10 12 | 12.7
Armour         | 2 |  2.7
Dodging        | 2 5 6 |  6.0
Evocations     | 2 |  2.5

Action                   |  1- 3 |  4- 6 |  7- 9 | 10-12 | 13-15 || total
-------------------------+-------+-------+-------+-------+-------++-------
Melee: Dagger            |    60 |   188 |   258 |   734 |   535 ||  1775
       Punch             |       |     1 |       |       |       ||     1
Throw: Dart              |     3 |    22 |    15 |    22 |    17 ||    79
       Boomerang         |       |       |       |     1 |     5 ||     6
       Throwing net      |       |       |       |     1 |       ||     1
Invok: Line Pass         |       |       |     2 |     7 |     7 ||    16
       Stomp             |       |       |     1 |    17 |     3 ||    21
       Grand Finale      |       |       |       |     2 |     2 ||     4
Evoke: Box of beasts     |       |       |       |       |     1 ||     1
       Lightning rod     |       |       |       |       |     4 ||     4
       Wand              |       |       |       |       |     1 ||     1
  Use: Scroll            |       |     7 |     5 |     1 |     7 ||    20
       Potion            |       |     4 |       |       |     8 ||    12
 Stab: Sleeping          |    19 |    18 |    32 |    21 |    13 ||   103
       Distracted        |       |     1 |       |     2 |     6 ||     9
       Invisible         |       |     1 |     1 |       |     2 ||     4
       Confused          |       |       |     1 |     3 |     6 ||    10
       Held in net/web   |       |       |     1 |     1 |       ||     2
       Paralysed         |       |       |     4 |    33 |    25 ||    62
Armor: Robe              |     5 |    36 |    30 |       |       ||    71
       Ring mail         |       |       |    12 |   126 |    77 ||   215
Dodge: Dodged            |     9 |    88 |    60 |   220 |   149 ||   526
Block: Buckler           |       |    41 |    73 |   257 |   173 ||   544
       Reflection        |       |       |     4 |     9 |    10 ||    23

Table legend: (Time is in decaauts)
 A = Elapsed time spent in this place.
 B = Non-inter-level travel time spent in this place.
 C = Inter-level travel time spent in this place.
 D = Time resting spent in this place.
 E = Time spent auto-exploring this place.
 F = Levels seen in this place.
 G = Mean time per level.
                   A        B        C        D        E       F      G
               +--------+--------+--------+--------+--------+-----+--------+
         Total |  18685 |  18167 |    518 |   1966 |  12904 |  17 | 1099.1 |
       Dungeon |  17836 |  17351 |    485 |   1716 |  12449 |  15 | 1189.1 |
        Temple |    438 |    405 |     33 |      0 |    388 |   1 |  438.0 |
         Sewer |    409 |    409 |      0 |    250 |     66 |   1 |  409.0 |
               +--------+--------+--------+--------+--------+-----+--------+

Top non-repeatable levels by time:
    D:14: 1902 daAuts
     D:9: 1560 daAuts
     D:2: 1405 daAuts
    D:13: 1371 daAuts
     D:4: 1340 daAuts
     D:6: 1328 daAuts
     D:8: 1241 daAuts
    D:11: 1203 daAuts
    D:12: 1144 daAuts
    D:10: 1081 daAuts
     D:1: 1079 daAuts
     D:3: 1030 daAuts
     D:5: 906 daAuts
    D:15: 769 daAuts
     D:7: 471 daAuts
